 Dungeon Crawl Stone Soup version 0.17-a0-1479-g4041c36 (webtiles) character file.

103 hexophile the Magician (level 4, -5/36 HPs)
             Began as a Naga Wizard on July 3, 2015.
             Slain by an orc priest
             ... wielding a +0 war axe
              (10 damage)
             ... on level 3 of the Dungeon.
             The game lasted 00:08:56 (4594 turns).

hexophile the Magician (Naga Wizard)                Turns: 4594, Time: 00:08:56

Health: -5/36      AC:  3    Str:  9    XL:     4   Next: 79%
Magic:  0/9        EV: 10    Int: 19    God:
Gold:   147        SH:  0    Dex: 12    Spells: 4 memorised, 1 level left

rFire  . . .     SeeInvis +     j - -3 dagger (curse)
rCold  . . .     Clarity  .     a - +0 robe
rNeg   . . .     SustAt   .     (no shield)
rPois  +         Gourm    .     b - +1 hat
rElec  .         Spirit   .     (no cloak)
rCorr  .         Warding  .     (no gloves)
rMut   .         Stasis   .     (no barding)
MR     .....                    (no amulet)
Stlth  ++........               (no ring)
                                (no ring)

@: short of breath, very slightly contaminated, hasted, quick, not resistant to
hostile enchantments, unstealthy
A: antennae 1, stinger 1, see invisible, agile 1, deformed body, poison
resistance, slowness 2, slow metabolism 1, spit poison 2, AC +1
a: Spit Poison


You were on level 3 of the Dungeon.
You were not hungry.

You visited 1 branch of the dungeon, and saw 3 of its levels.

You collected 147 gold pieces.

Inventory:

Hand weapons
 j - a cursed -3 dagger (weapon)
 n - a +1 hand axe of chopping
 s - a +1 dagger of venom
Missiles
 k - 134 stones (quivered)
Armour
 a - a +0 robe (worn)
 b - a +1 hat (worn)
Jewellery
 l - an uncursed ring of wizardry {unknown}
Scrolls
 m - a scroll of amnesia
 o - a scroll of identify
Books
 c - a book of Minor Magic

   Spells                             Type                      Level
   a - Magic Dart                     Conjuration                  1
   b - Blink                          Translocation                2
   c - Call Imp                       Summoning                    2
   d - Repel Missiles                 Charms/Air                   2
   e - Slow                           Hexes                        2
   f - Conjure Flame                  Conjuration/Fire             3
   g - Mephitic Cloud                 Conjuration/Poison/Air       3
Comestibles
 d - 2 bread rations
 f - 3 fruits
 g - a beef jerky
 h - a royal jelly
 i - a slice of pizza


   Skills:
 + Level 1.9 Dodging
 - Level 3.0 Stealth
 * Level 3.6 Spellcasting
 * Level 3.1 Conjurations
   Level 1.0 Summonings
 - Level 1.0 Translocations
 * Level 1.4 Fire Magic


You had one spell level left.
You knew the following spells:

 Your Spells              Type           Power        Failure   Level  Hunger
a - Magic Dart            Conj           ###.         4%          1    None
b - Blink                 Tloc           N/A          17%         2    ##.....
c - Conjure Flame         Conj/Fire      ##......     17%         3    ###....
d - Mephitic Cloud        Conj/Pois/Air  #.......     34%         3    ###....


Dungeon Overview and Level Annotations

Branches:
Dungeon (3/15)

Altars:
Ashenzari

Annotations:
D:2 Terence
D:3 Orcs~~


Innate Abilities, Weirdness & Mutations

You cannot wear boots.
Your serpentine skin is tough (AC +1).
You have supernaturally acute eyesight.
Armour fits poorly on your strangely shaped body.
Your system is resistant to poisons.
You cover ground very slowly.
You have a slow metabolism.
You can spit poison.
You have a pair of small antennae on your head.
Your tail ends in a poisonous barb.
You are agile. (Dex +2)


Message History

The orc priest is lightly wounded.
You have got your breath back.
Use which ability? (? or * to list)
Press: ? - help, Shift-Dir - straight line, f/p - orc priest
Aim: an orc priest, wielding a war axe and wearing a scale mail (lightly wounded)
The splash of poison hits the orc priest.
The orc priest is almost dead.
You feel slightly more hungry.
The orc priest mumbles some strange prayers to Beogh.
You feel a wave of unholy energy pass over you.
The orc hits you with a dagger.
* * * LOW HITPOINT WARNING * * *
Casting: Magic Dart
Confirm with . or Enter, or press ? or * to list all spells.
You don't have enough magic to cast that spell.
Unknown command.
You closely miss the orc priest.
The orc priest is almost dead.
The orc priest hits you with a war axe!
You die...

#..#########.#############
#..# #.# #..###### #.#
#.......# #.# ##.####[#
#.# #.# #.# #.# #.# #.#
#.# #.# #.####.#######
#.####..@ooo......####
#......o###o.........###
#####...# ######......#
#...# #######......#
####...# #............#
#......###.#####......##
#.#..................)##
#....#.#.####..####)##
#.##.#.#.# #..# #)##


You could see an orc priest and 4 orcs.

Vanquished Creatures
  An adder (D:2)
  An ooze (D:1)
  3 worms
  5 giant geckos
  13 orcs (D:3)
  4 ball pythons
  2 hobgoblins
  4 jackals (D:3)
  6 bats
  A giant cockroach (D:3)
  6 giant newts
  8 goblins
  3 kobolds
  10 rats
67 creatures vanquished.

Notes
Turn   | Place    | Note
--------------------------------------------------------------
     0 | D:1      | hexophile the Naga Wizard began the quest for the Orb.
     0 | D:1      | Reached XP level 1. HP: 15/15 MP: 4/4
   520 | D:1      | Reached XP level 2. HP: 22/22 MP: 4/6
  1160 | D:1      | Reached XP level 3. HP: 26/28 MP: 2/7
  1480 | D:2      | Learned a level 2 spell: Blink
  1484 | D:2      | Learned a level 3 spell: Conjure Flame
  2003 | D:2      | Noticed Terence
  2745 | D:3      | Reached skill level 1 in Fire Magic
  2849 | D:3      | Reached XP level 4. HP: 36/36 MP: 3/9
  2887 | D:3      | Gained mutation: You have a pair of small antennae on your head. [potion of mutation]
  2887 | D:3      | Gained mutation: You are agile. (Dex +2) [potion of mutation]
  2887 | D:3      | Gained mutation: Your tail ends in a poisonous barb. [potion of mutation]
  3492 | D:3      | Learned a level 3 spell: Mephitic Cloud
  4118 | D:3      | Found a shattered altar of Ashenzari.
  4594 | D:3      | Slain by an orc priest

Vault maps used:
D:1:      mrwooster_arrival_statue_3, st_stairs_13
D:2:      uniq_terence
D:3:      ashenzari_altar_1

Action                   |  1- 3 |  4- 6 || total
-------------------------+-------+-------++-------
Melee: Unarmed           |    12 |       ||    12
       Dagger            |    20 |    69 ||    89
Throw: Stone             |     8 |       ||     8
 Cast: Magic Dart        |    80 |    72 ||   152
       Blink             |       |     1 ||     1
 Abil: Spit Poison       |     8 |    16 ||    24
  Use: Scroll            |     5 |     4 ||     9
       Potion            |       |     7 ||     7
  Eat: Chunk             |     4 |     4 ||     8
       Meat ration       |       |     1 ||     1
